Map: Kairos Junction LE

Players

TiPtOP - Winner!

  • Race: Terran Terran
  • League: Silver
  • Spawn Location: 5:00

VOD

Have the link to the VOD?

Description

Time

  • Played on: May 8, 2019, 8:39 a.m.
  • Length: 14:22
Show
View Real Time Build Order
Export as new Build Order

TiPtOP Terran - Winner!

Build Orders:  

Get SALT Encoding   

  12  0:01  SCV  
  13  0:18  SCV  
  14  0:28  Supply Depot  
  14  0:35  SCV  
  15  0:58  SCV  
  16  1:00  Barracks  
  16  1:16  Refinery, SCV  
  17  1:38  SCV  
  19  2:06  Orbital Command  
  18  2:21  Command Center  
  18  2:46  Barracks Reactor  
  18  2:49  SCV  
  19  3:02  Barracks  
  19  3:06  SCV  
  20  3:29  SCV  
  21  3:39  Marine x2  
  23  4:01  SCV  
  23  4:05  Supply Depot  
  24  4:11  Supply Depot  
  24  4:19  SCV x2  
  26  4:31  Barracks Tech Lab  
  26  4:43  SCV x2  
  26  4:44  Marine  
  26  4:45  Marine, Barracks  
  30  5:06  SCV  
  31  5:11  SCV  
  31  5:17  Marine x2  
  31  5:18  Marine  
  35  5:21  Stimpack  
  35  5:36  Refinery  
  35  5:37  SCV  
  35  5:38  SCV  
  37  5:43  Marine x2  
  37  5:44  Marine  
  40  5:51  Barracks Reactor  
  40  5:54  SCV  
  41  6:06  Supply Depot  
  41  6:16  Marine x3  
  44  6:26  SCV x2  
  45  6:33  Refinery  
  45  6:41  Marine  
  46  6:52  Factory  
  46  6:53  Marine x2  
  46  6:59  Supply Depot  
  48  7:12  Marine x3  
  48  7:15  SCV  
  48  7:17  Marine  
  48  7:18  Marine  
  54  7:20  SCV  
  55  7:37  SCV, Marine x3  
  59  7:46  Engineering Bay, SCV  
  60  7:53  Marine x2  
  60  7:54  SCV  
  60  7:58  Factory Tech Lab  
  63  8:02  Marine x2  
  63  8:03  SCV  
  63  8:08  Marine  
  67  8:11  SCV  
  67  8:18  Marine x2  
  70  8:21  Unknown  
  70  8:40  Supply Depot  
  70  9:03  Supply Depot  
  70  9:09  Supply Depot  
  70  9:10  Siege Tank, SCV, Marine x4  
  78  9:29  Missile Turret  
  78  9:33  SCV x2, Marine  
  78  9:35  Marine x2  
  83  9:40  Supply Depot  
  83  9:59  Siege Tank  
  86  10:05  Supply Depot  
  86  10:11  Starport  
  86  10:49  Marine x4  
  90  10:50  Marine  
  90  10:53  Siege Tank  
  94  11:03  Starport Reactor  
  94  11:14  Marine x4  
  98  11:32  Command Center  
  98  11:42  Missile Turret  
  98  11:46  Marine x3  
  98  11:47  Marine x2  
  98  11:49  Siege Tank  
  106  11:55  Medivac x2  
  110  12:05  Siege Tank  
  110  12:12  Missile Turret  
  110  12:15  Siege Tank  
  110  12:45  Siege Tank  
  110  12:47  Missile Turret  
  110  13:06  Siege Tank  
  110  13:12  Siege Tank  
Tags
 
Add a new tag
Caveats
  • Supply blocks, unpowered buildings, or Contaminate may cause inaccurate times.
  • Supply counts are checked every 10 seconds.